 Dungeon Crawl Stone Soup version 0.18.1-48-g4cf74bf (webtiles) character file.

22443 nuthulu the Blocker (level 13, -1/68 HPs)
             Began as a Gargoyle Fighter on Sept 6, 2016.
             Was a High Priest of Okawaru.
             Killed from afar by an ice dragon (14 damage)
             ... with a blast of cold
             ... in an ice cave.
             The game lasted 00:32:06 (16027 turns).

nuthulu the Blocker (Gargoyle Fighter)             Turns: 16027, Time: 00:32:06

Health: -1/68      AC: 34    Str: 28    XL:     13   Next: 0%
Magic:  11/13      EV: 11    Int: 10    God:    Okawaru [*****.]
Gold:   946        SH: 18    Dex: 12    Spells: 0 memorised, 12 levels left

rFire  . . .     SeeInvis .     v - +2 flail (venom)
rCold  + + .     Gourm    +     q - +0 plate armour
rNeg   + . .     Faith    .     c - +2 shield
rPois  ∞         Spirit   .     P - +2 hat
rElec  +         Dismiss  .     B - +1 cloak
rCorr  +         Reflect  .     b - +0 pair of gloves
SustAt .         Harm     .     (no boots)
MR     .....                    N - amulet of the gourmand
Stlth  ..........               A - +2 ring of strength
                                k - ring of ice

@: mighty, resistant, heroism, not resistant to hostile enchantments, extremely
unstealthy
A: negative energy resistance 1, electricity resistance, unbreathing,
petrification resistance, rot immunity, AC +9
a: Heroism, Finesse, Renounce Religion


You were in an ice cave.
You worshipped Okawaru.
Okawaru was extremely pleased with you.
You were full.

You visited 3 branches of the dungeon, and saw 15 of its levels.
You also visited: Ice Cave.

You collected 1036 gold pieces.
You spent 90 gold pieces at shops.

Inventory:

Hand Weapons
 a - a +0 flail
 u - the +0 flail "Xoqok" {crush, rElec}
   (You found it on level 5 of the Dungeon)

   It inflicts extra damage upon your enemies.
   It insulates you from electricity.
 v - a +2 flail of venom (weapon)
Armour
 b - a +0 pair of gloves (worn)
 c - a +2 shield (worn)
 q - a +0 plate armour (worn)
 B - a +1 cloak (worn)
 P - a +2 hat (worn)
Jewellery
 j - an uncursed amulet of guardian spirit
 k - a ring of ice (left hand)
 A - a +2 ring of strength (right hand)
 E - an uncursed ring of see invisible
 N - an amulet of the gourmand (around neck)
Wands
 r - a wand of lightning (10/15)
 x - a wand of iceblast (4/15)
 y - a wand of iceblast (3/15)
 D - a wand of flame (27/48)
 G - a wand of digging (12/24)
 I - a wand of iceblast (5/15)
 K - a wand of disintegration (9/24)
 L - a wand of digging (14/24)
 M - a wand of lightning (9/15)
Scrolls
 e - 4 scrolls of blinking
 l - 4 scrolls of amnesia
 m - a scroll of fear
 n - a scroll of fog
 p - 8 scrolls of remove curse
 s - 4 scrolls of identify
Potions
 d - 3 potions of might
 t - a potion of haste
 C - 2 potions of ambrosia
 H - a potion of brilliance
 J - a potion of agility
 Q - a potion of flight
Comestibles
 f - 10 bread rations
 h - 5 slices of pizza
 i - 5 meat rations
 o - 3 beef jerkies
 F - 19 fruits


   Skills:
 - Level 3.2(8.2) Fighting
 - Level 10.6(15.6) Maces & Flails
 * Level 13.7(18.7) Armour
 + Level 14.7(19.7) Shields


You had 12 spell levels left.
You didn't know any spells.

Dungeon Overview and Level Annotations

Branches:
Dungeon (10/15)            Temple (1/1) D:5            Lair (4/8) D:10
  Swamp (0/4) Lair:3          Orc (0/2) D:10
  Snake: Lair:3-6    Spider: Lair:3-6

Altars:
Ashenzari
Cheibriados
Dithmenos
Elyvilon
Fedhas
Gozag
Kikubaaqudgha
Makhleb
Nemelex Xobeh
Okawaru
Pakellas
Qazlal
Ru
Sif Muna
Trog
Vehumet
Xom
Yredelemnul
Zin
The Shining One

Annotations:
D:3 Elystan's ghost, amateur FoFi


Innate Abilities, Weirdness & Mutations

You are resistant to torment.
Your stone body is resilient (AC +9).
You are immune to poison.
You resist negative energy.
You are resistant to electric shocks.
You can survive without breathing.
You are immune to petrification.
You are immune to rotting.


Message History

The ice dragon claws you but does no damage.
You block the ice dragon's attack.
Drink which item? (? for menu, Esc to quit)
You feel very mighty all of a sudden. You block the ice dragon's attack.
The ice dragon claws you.
* * * LOW HITPOINT WARNING * * *
The ice dragon closely misses you.
The ice dragon bites you but does no damage.
The ice dragon closely misses you. You block the ice dragon's attack.
Drink which item? (? for menu, Esc to quit)
You feel better. You block the ice dragon's attack. x2
The ice dragon tramples you but does no damage.
The ice dragon bites you but does no damage.
You block the ice dragon's attack.
The ice dragon tramples you but does no damage.
Drink which item? (? for menu, Esc to quit)
You feel protected. The ice dragon breathes frost at you.
The blast of cold hits you! You resist.
You die...

....###
##....# ##..##
###..# ##..###
##.#
##...######
≈≈≈≈
###......##
≈≈≈≈
####....##
≈≈≈≈≈ ####..##
### ###≈#
##..###.## #.
##.#@D..#
#..D##.#
#####..### .
#...##.## ...
##...D..#.....
####D.....#
########


You could see 2 ice dragons.

Vanquished Creatures
  Gastronok (Lair:3)
  3 hydras
  A catoblepas (Lair:2)
  Urug (Lair:3)
  A hill giant (Lair:1)
  A griffon (Lair:2)
  2 ice statues (IceCv)
  A centaur skeleton (D:10)
  2 black mambas
  6 spiny frogs
  The ghost of appiemonkey the Ruffian, an amateur TrCK of Xom (D:5)
  2 komodo dragons (Lair:1)
  A polar bear (Lair:4)
  19 yaks
  2 basilisks
  Menkaure (D:6)
  A hippogriff (Lair:2)
  Edmund (D:6)
  4 water moccasins
  4 porcupines
  2 black bears (D:6)
  2 phantoms
  23 ice beasts
  5 sky beasts
  A wasp (D:10)
  6 orc warriors
  2 necrophages
  5 ogres
  A centaur (D:8)
  8 crocodiles
  2 big kobolds (D:10)
  8 giant frogs
  4 scorpions
  3 killer bees (D:7)
  5 howler monkeys
  5 jellies
  11 crimson imps
  2 quasits
  5 hounds
  A giant frog skeleton (D:6)
  6 orc priests
  9 iguanas
  9 orc wizards
  5 worker ants
  13 sheep (Lair:2)
  A hound skeleton (D:5)
  3 hound zombies
  12 adders
  9 river rats (Lair:2)
  A shadow imp (D:6)
  3 worms
  3 dart slugs
  7 giant geckos
  39 orcs
  8 bats
  10 giant cockroaches
  4 goblins
  4 hobgoblins
  10 jackals
  16 kobolds
  3 quokkas
  2 ball pythons
  A giant gecko skeleton (D:8)
  8 giant newts
  A jackal zombie (D:6)
  A quokka skeleton (D:4)
  21 rats
365 creatures vanquished.

Vanquished Creatures (collateral kills)
  A yak (Lair:2)
  A hippogriff (Lair:2)
  A water moccasin (Lair:2)
  A plant (Lair:2)
4 creatures vanquished.

Vanquished Creatures (others)
  5 fungi
5 creatures vanquished.

Grand Total: 374 creatures vanquished

Notes
Turn   | Place    | Note
--------------------------------------------------------------
     0 | D:1      | nuthulu the Gargoyle Fighter began the quest for the Orb.
     0 | D:1      | Reached XP level 1. HP: 14/14 MP: 1/1
    93 | D:1      | Reached XP level 2. HP: 17/19 MP: 2/2
   388 | D:1      | Reached XP level 3. HP: 23/23 MP: 3/3
   413 | D:1      | Reached skill level 4 in Shields
   874 | D:2      | Reached XP level 4. HP: 28/28 MP: 4/4
  1728 | D:2      | Reached skill level 5 in Shields
  1728 | D:2      | Reached XP level 5. HP: 30/32 MP: 5/5
  2286 | D:3      | Noticed Elystan's ghost (amateur FoFi)
  2391 | D:3      | Reached XP level 6. HP: 30/37 MP: 6/6
  2453 | D:3      | Found a basalt altar of Yredelemnul.
  2910 | D:4      | Found a shimmering altar of Xom.
  2974 | D:4      | Found a deep blue altar of Sif Muna.
  2993 | D:4      | Found a snail-covered altar of Cheibriados.
  3074 | D:4      | Reached skill level 6 in Shields
  3219 | D:4      | Reached skill level 5 in Maces & Flails
  3246 | D:4      | Found Zin's Purification Station.
  3248 | D:4      | Found a glowing silver altar of Zin.
  3292 | D:4      | Bought a potion of curing for 90 gold pieces
  3437 | D:4      | Found a radiant altar of Vehumet.
  3503 | D:4      | Found a blossoming altar of Fedhas.
  3504 | D:4      | Found a stormy altar of Qazlal.
  3656 | D:5      | Entered Level 5 of the Dungeon
  3686 | D:5      | Reached XP level 7. HP: 39/41 MP: 7/7
  3691 | D:5      | Found a sacrificial altar of Ru.
  3704 | D:5      | Noticed appiemonkey's ghost (amateur TrCK)
  3739 | D:5      | Killed appiemonkey's ghost
  3739 | D:5      | Reached skill level 7 in Shields
  3966 | D:5      | Found a glowing golden altar of the Shining One.
  4398 | D:5      | Reached XP level 8. HP: 22/46 MP: 4/8
  4535 | D:5      | Got an ichor-stained flail
  4536 | D:5      | Identified the cursed +0 flail "Xoqok" {crush, rElec} (You found it on level 5 of the Dungeon)
  4598 | D:5      | Found a staircase to the Ecumenical Temple.
  4634 | D:5      | Reached skill level 8 in Shields
  4651 | Temple   | Entered the Ecumenical Temple
  4788 | D:5      | You fall through a shaft!
  5526 | D:6      | Reached skill level 9 in Shields
  5841 | D:6      | Reached XP level 9. HP: 51/51 MP: 9/9
  5978 | D:6      | Found a bloodstained altar of Trog.
  5981 | D:6      | Noticed Edmund
  6003 | D:6      | Killed Edmund
  6166 | D:6      | Reached skill level 10 in Shields
  6223 | D:6      | Noticed Menkaure
  6230 | D:6      | Killed Menkaure
  6407 | D:7      | Found a white marble altar of Elyvilon.
  6423 | D:7      | Found an iron altar of Okawaru.
  6749 | D:7      | Found a stormy altar of Qazlal.
  6797 | D:7      | Found an opulent altar of Gozag.
  7322 | D:8      | Reached skill level 11 in Shields
  7478 | D:8      | Reached XP level 10. HP: 56/56 MP: 10/10
  7510 | D:8      | Found a white marble altar of Elyvilon.
  7827 | D:8      | Reached skill level 10 in Maces & Flails
  8453 | D:9      | Reached skill level 12 in Shields
  8707 | D:9      | Found a shattered altar of Ashenzari.
  8761 | D:7      | Became a worshipper of Warmaster Okawaru
  8826 | D:9      | Found a sacrificial altar of Ru.
  9370 | D:9      | Found a blossoming altar of Fedhas.
  9379 | D:9      | Reached skill level 5 in Armour
  9625 | D:9      | Found a radiant altar of Vehumet.
  9749 | D:10     | Entered Level 10 of the Dungeon
  9752 | D:10     | Found a staircase to the Orcish Mines.
  9767 | D:10     | Reached * piety under Okawaru
  9992 | D:10     | Reached XP level 11. HP: 44/60 MP: 9/11
  9995 | D:10     | Reached ** piety under Okawaru
 10333 | D:10     | Found a staircase to the Lair.
 10546 | Lair:1   | Entered Level 1 of the Lair of Beasts
 10813 | Lair:1   | Noticed a hill giant
 10827 | Lair:1   | Killed a hill giant
 11910 | Lair:2   | Reached skill level 13 in Shields
 12052 | Lair:2   | Reached *** piety under Okawaru
 12578 | Lair:2   | Noticed a catoblepas
 12583 | Lair:2   | Reached **** piety under Okawaru
 12583 | Lair:2   | Reached skill level 10 in Armour
 12596 | Lair:2   | Killed a catoblepas
 12596 | Lair:2   | Received a gift from Okawaru
 12830 | Lair:2   | Noticed an eight-headed hydra
 12848 | Lair:2   | Killed an eight-headed hydra
 13521 | Lair:2   | Noticed a griffon
 13534 | Lair:2   | Killed a griffon
 13534 | Lair:2   | Reached XP level 12. HP: 54/64 MP: 12/12
 13706 | Lair:3   | Reached ***** piety under Okawaru
 13859 | Lair:3   | Noticed Gastronok
 13903 | Lair:3   | Killed Gastronok
 13903 | Lair:3   | Reached skill level 14 in Shields
 14271 | Lair:3   | Found a staircase to the Swamp.
 14383 | Lair:3   | Noticed Urug
 14400 | Lair:3   | Killed Urug
 14556 | Lair:4   | Noticed a five-headed hydra
 14576 | Lair:4   | Killed a five-headed hydra
 14576 | Lair:4   | Received a gift from Okawaru
 14712 | Lair:4   | Found a frozen archway.
 14818 | Lair:4   | Noticed a six-headed hydra
 14844 | Lair:4   | HP: 1/64 [six-headed hydra (8)]
 14853 | Lair:4   | Killed a six-headed hydra
 15082 | IceCv    | Entered an ice cave
 15981 | IceCv    | Reached XP level 13. HP: 68/68 MP: 13/13
 16000 | IceCv    | Noticed an ice dragon
 16008 | IceCv    | Noticed an ice dragon
 16027 | IceCv    | Killed from afar by an ice dragon

Skill      XL: |  1  2  3  4  5  6  7  8  9 10 11 12 |
---------------+-------------------------------------+-----
Shields        | 4 5 6 7 9 11 12 13 14 | 14.7
Maces & Flails | 3 4 5 6 8 9 10 | 10.6
Armour         | 6 11 13 | 13.7
Fighting       | |  3.2

Action                   |  1- 3 |  4- 6 |  7- 9 | 10-12 | 13-15 || total
-------------------------+-------+-------+-------+-------+-------++-------
Melee: Flail             |   130 |   359 |   466 |  1178 |     6 ||  2139
Invok: Heroism           |       |       |       |     9 |     2 ||    11
       Finesse           |       |       |       |     1 |       ||     1
  Use: Scroll            |     3 |     4 |     7 |    11 |       ||    25
       Potion            |     1 |     3 |     7 |     7 |     3 ||    21
  Eat: Chunk             |       |     9 |    10 |    34 |       ||    53
       Bread ration      |       |     1 |       |       |       ||     1
Armor: Scale mail        |    51 |   155 |       |       |       ||   206
       Plate armour      |       |    39 |   239 |   712 |    10 ||  1000
       Skin              |       |       |       |    24 |       ||    24
Dodge: Dodged            |    49 |    85 |    59 |   265 |     5 ||   463
Block: Shield            |    83 |   173 |   285 |  1029 |    13 ||  1583
